 Dungeon Crawl Stone Soup version 0.28.0-43-g3370ac3207 (webtiles) character file.

Game seed: 15477377596307382935

72 pkoi the Gusty (level 4, -1/27 HPs)
             Began as an Octopode Air Elementalist on Mar 18, 2022.
             Slain by Pargi (3 damage)
             ... in a sewer.
             The game lasted 00:04:32 (3208 turns).

pkoi the Gusty (Octopode Air Elementalist)          Turns: 3208, Time: 00:04:33

Health: -1/27      AC:  1    Str:  7    XL:     4   Next: 25%
Magic:  1/7        EV: 13    Int: 19    God:
Gold:   63         SH:  0    Dex: 12    Spells: 1/7 levels left

rFire   . . .      SeeInvis .   b - +0 dagger
rCold   . . .      Faith    .   (no shield)
rNeg    . . .      Spirit   .   (helmet restricted)
rPois   .          Reflect  .   (no amulet)
rElec   .          Harm     .   (no ring)
rCorr   .          Rampage  .   (no ring)
Will    .....                   (no ring)
Stlth   +++.......              (no ring)
HPRegen 0.09/turn               (no ring)
MPRegen 0.10/turn               (no ring)
                                (no ring)
                                (no ring)

@: no status effects
A: almost no armour, amphibious, 8 rings, camouflage 1, gelatinous body 1,
(nimble swimmer 1), tentacles
a: no special abilities


You were in a sewer.
You visited 1 branch of the dungeon, and saw 3 of its levels.
You also visited: Sewer.

You collected 63 gold pieces.

Inventory:

Hand Weapons
 b - a +0 dagger (weapon)
Armour
 e - a +0 kite shield
Wands
 j - a wand of iceblast (4)
Scrolls
 a - a scroll of amnesia {unknown}
 c - a scroll of identify {unknown}
 d - a scroll of teleportation {unknown}
 g - 2 scrolls of fear {unknown}
 h - a scroll of fog {unknown}
Potions
 f - a potion of brilliance {unknown}
 i - a potion of cancellation {unknown}


   Skills:
 - Level 0.4 Fighting
 - Level 2.0 Dodging
 - Level 2.6 Stealth
 - Level 0.4 Shields
 + Level 2.1 Spellcasting
 - Level 1.0 Conjurations
 * Level 4.7 Air Magic


You had one spell level left.
You knew the following spells:

 Your Spells              Type           Power      Damage    Failure   Level
a - Shock                 Conj/Air       48%        1d6       5%          1
b - Swiftness             Air            20%        N/A       7%          3
c - Static Discharge      Conj/Air       12%        N/A       8%          2

Your spell library contained the following spells:

 Spells                   Type           Power      Damage    Failure   Level
 Sandblast                Erth           2%         2d4       17%         1
 Airstrike                Air            10%        N/A       24%         4
 Passwall                 Tmut/Erth      0%         N/A       26%         2
 Stone Arrow              Conj/Erth      6%         3d7       38%         3


Dungeon Overview and Level Annotations

Branches:
Dungeon (3/15)              Sewer (1/1)

Altars:

Annotations:
Sewer Pargi


Innate Abilities, Weirdness & Mutations

You cannot wear most types of armour.
You are amphibious.
You can wear up to eight rings at the same time.
Your skin changes colour to match your surroundings (Stealth+).
Your rubbery body absorbs attacks. (AC +1, EV +1)
((You are camouflaged when in or above water. (Stealth+)))
You have tentacles for arms and can constrict up to eight enemies at once.


Message History

Pargi bites you.
* * * LOW HITPOINT WARNING * * *
Pargi claws you but does no damage. Pargi misses you.
Aiming: Shock (safe; 5% risk of failure)
Press: ? - help, Q - select action, (/) - cycle Shift-Dir - straight line The zap hits Pargi.
Pargi is severely wounded.
The zap hits Pargi.
Pargi is severely wounded.
Pargi bites you.
* * * LOW HITPOINT WARNING * * *
Pargi barely misses you. Pargi closely misses you.
Aiming: Shock (safe; 5% risk of failure)
Press: ? - help, Q - select action, (/) - cycle Shift-Dir - straight line The zap misses Pargi.
The zap hits Pargi.
Pargi is almost dead.
Pargi completely misses you. Pargi closely misses you. Pargi barely misses you.
Unknown command.
Aiming: Shock (safe; 5% risk of failure)
Press: ? - help, Q - select action, (/) - cycle Shift-Dir - straight line The zap misses Pargi. x2
Pargi bites you but does no damage. Pargi claws you.
* * * LOW HITPOINT WARNING * * *
Pargi claws you.
* * * LOW HITPOINT WARNING * * *
Aiming: Shock (safe; 5% risk of failure)
Press: ? - help, Q - select action, (/) - cycle Shift-Dir - straight line The zap misses Pargi. x2
Pargi bites you!
* * * LOW HITPOINT WARNING * * *
Pargi closely misses you. Pargi claws you.
* * * LOW HITPOINT WARNING * * *
Aiming: Shock (safe; 5% risk of failure)
Press: ? - help, Q - select action, (/) - cycle Shift-Dir - straight line The zap hits Pargi.
Pargi is severely wounded.
The zap hits Pargi.
Pargi is almost dead.
Pargi bites you.
You die...

############ #.
#.##.##.##(# #.
#.##.##.##.#
#+##'##+##'##'##'##†#
###.......K...........##
≈≈#≈≈≈≈≈≈≈≈≈.≈≈≈≈≈≈≈≈≈#≈
≈≈#≈≈≈≈≈≈≈≈≈∩≈≈≈≈≈≈≈≈≈#≈
≈≈#≈≈≈≈≈≈≈≈≈.≈≈≈≈≈≈≈≈≈#≈
#....@..............##
#+##T##†##.##'##'##'# #.
#.##.##.##.##)# #.
#.##∩##.##.##.# ##
###############


You could see Pargi and a kobold.

Vanquished Creatures
  2 worms
  A dart slug (D:3)
  3 bats
  7 endoplasms
  4 giant cockroaches
  10 hobgoblins
  3 jackals (D:1)
  3 kobolds
  3 quokkas
  6 ball pythons
  4 frilled lizards
  6 goblins
  3 rats
55 creatures vanquished.

Notes
Turn   | Place    | Note
-------+----------+-------------------------------------------
     0 | D:1      | pkoi the Octopode Air Elementalist began the quest for the
                  | Orb.
     0 | D:1      | Reached XP level 1. HP: 11/11 MP: 3/3
    67 | D:1      | You fall into a shaft and drop 1 floor!
   538 | D:2      | Reached XP level 2. HP: 12/17 MP: 0/5
  1098 | D:1      | Reached skill level 4 in Air Magic
  1171 | D:1      | Reached XP level 3. HP: 21/21 MP: 3/6
  1708 | D:1      | Found a faded altar of an unknown god.
  2802 | D:2      | Reached XP level 4. HP: 27/27 MP: 4/7
  2869 | D:2      | Learned a level 3 spell: Swiftness
  2872 | D:2      | Learned a level 2 spell: Static Discharge
  3033 | D:3      | Found a glowing drain.
  3049 | Sewer    | Entered a sewer
  3201 | Sewer    | Noticed Pargi
  3208 | Sewer    | Slain by Pargi

Illustrated notes

Levels and vault maps discovered:
D:1:      erik_arrival_orb_chamber, layout_basic,
          shapermc_ecumenical_altar_hornbeckon
D:2:      layout_rooms
D:3:      layout_basic, cheibrodos_sewer_entry_drain, kennysheep_big_empty_room,
          grunt_ministairs_1
Sewer:    kennysheep_door_sewer

Skill      XL: |  1  2 |
---------------+-------+-----
Air Magic      | 4 |  4.7
Fighting       | |  0.4
Dodging        | |  2.0
Stealth        | |  2.6
Shields        | |  0.4
Spellcasting   | |  2.1
Conjurations   | |  1.0

Action                   |  1- 3 |  4- 6 || total
-------------------------+-------+-------++-------
Melee: Unarmed           |     6 |       ||     6
       Tentacles         |     6 |       ||     6
       Constrict         |     4 |       ||     4
       Dagger            |     9 |       ||     9
 Cast: Shock             |    95 |    25 ||   120
Evoke: Wand              |       |     1 ||     1
Armor: Skin              |       |     2 ||     2
Dodge: Dodged            |    10 |     7 ||    17
